 Dungeon Crawl Stone Soup version 0.30-a0-292-g0f741e3f8e (webtiles) character file.

Game seed: 2676089910869088475

1329 koil the Sneak (level 8, -5/38 (39) HPs)
             Began as a Spriggan Enchanter on Oct 18, 2022.
             Was an Initiate of Dithmenos.
             Killed from afar by Maggie (20 damage)
             ... with a bolt of fire
             ... on level 6 of the Dungeon.
             The game lasted 00:24:32 (7136 turns).

koil the Sneak (Spriggan Enchanter)                 Turns: 7136, Time: 00:24:33

HP:   -5/38 (39)    AC:  7    Str: 10    XL:     8   Next: 34%
MP:   16/16         EV: 24    Int: 16    God:    Dithmenos [......]
Gold: 41            SH:  5    Dex: 18    Spells: 11/17 levels left

rFire   . . .      SeeInvis +    G - +12 dagger of Integrity {chaos, *Noise Will+ rCorr}
rCold   . . .      Faith    .    (no shield)
rNeg    . . .      Spirit   .    b - +0 robe
rPois   .          Reflect  +    (helmet restricted)
rElec   .          Harm     .    y - +2 cloak {Will+}
rCorr   +          Rampage  .    (gloves unavailable)
Will    +++..                    (boots unavailable)
Stlth   ++++......               t - amulet of reflection
HPRegen 0.26/turn                m - +6 ring of strength
MPRegen 0.15/turn                n - +4 ring of evasion

@: lightly drained, very quick
A: very small, no large weapons, unfitting armour, see invisible, speed 3,
iridescent scales 1
a: Renounce Religion


You were on level 6 of the Dungeon.
You worshipped Dithmenos.
Dithmenos was noncommittal.
You visited 2 branches of the dungeon, and saw 7 of its levels.

You collected 188 gold pieces.
You spent 147 gold pieces at shops.

Inventory:

Hand Weapons
 z - a +2 short sword of freezing
 G - the +12 dagger of Integrity (weapon) {chaos, *Noise Will+ rCorr}
   (You bought it in a shop on level 5 of the Dungeon)

   Each time it hits an enemy it has a different, random effect.
   *Noise:    It may make noises in combat.
   rCorr:     It protects you from acid and corrosion.
   Will:      It increases your willpower.
Missiles
 j - 8 poisoned darts (quivered)
Armour
 b - a +0 robe (worn)
 y - a +2 cloak of willpower (worn)
Jewellery
 m - a +6 ring of strength (left hand)
 n - a +4 ring of evasion (right hand)
 t - an amulet of reflection (around neck)
 I - a ring of flight
Wands
 w - a wand of roots (13)
Scrolls
 d - a scroll of teleportation
 p - a scroll of fog {unknown}
 r - a scroll of poison {unknown}
 s - a scroll of enchant weapon
 u - a scroll of acquirement {unknown}
 B - a scroll of summoning {unknown}
 H - a scroll of amnesia {unknown}
 J - a scroll of silence
Potions
 c - a potion of invisibility
 f - a potion of haste
 g - 3 potions of heal wounds
 o - 4 potions of curing
 A - a potion of flight
 C - a potion of cancellation
 D - a potion of might
 F - a potion of resistance


   Skills:
 + Level 2.7 Fighting
 + Level 3.7 Short Blades
 + Level 5.6 Dodging
 + Level 7.2 Stealth
 + Level 5.1 Spellcasting
 + Level 2.3 Conjurations
 + Level 5.5 Hexes
 + Level 2.5 Fire Magic


You had 11 spell levels left.
You knew the following spells:

 Your Spells              Type           Power      Damage    Failure   Level
a - Ensorcelled Hibernat  Hex/Ice        26%        N/A       8%          2
b - Foxfire               Conj/Fire      44%        2x1d6     5%          1
c - Confusing Touch       Hex            21%        N/A       4%          3

Your spell library contained the following spells:

 Spells                   Type           Power      Damage    Failure   Level
 Tukima's Dance           Hex            21%        N/A       4%          3
 Dazzling Flash           Conj/Hex       32%        N/A       9%          3
 Sandblast                Erth           8%         2d5       16%         1
 Passwall                 Tmut/Erth      3%         N/A       22%         2
 Stone Arrow              Conj/Erth      14%        3d7       28%         3
 Gell's Gravitas          Tloc           4%         N/A       41%         3
 Teleport Other           Tloc           4%         N/A       41%         3
 Fireball                 Conj/Fire      5%         3d5       83%         5
 Dispersal                Tloc           2%         N/A       100%        6
 Starburst                Conj/Fire      5%         6d4       100%        6


Dungeon Overview and Level Annotations

Branches:
Dungeon (6/15)             Temple (1/1) D:5

Altars:
Ashenzari
Cheibriados
Dithmenos
Elyvilon
Fedhas
Gozag
Hepliaklqana
Nemelex Xobeh
Qazlal
Ru
Sif Muna
Uskayaw
Wu Jian
The Shining One

Shops:
D:5 :((:*

Annotations:
D:6 Maggie


Innate Abilities, Weirdness & Mutations

You are very small and have problems with some larger weapons.
You are too small for most types of armour.
You have supernaturally acute eyesight. (SInv)
You cover ground extremely quickly. (Speed+++)
You are partially covered in iridescent scales. (AC +2)


Message History

You are starting to lose your buoyancy.
An iguana comes into view.
You hit Maggie. You freeze Maggie.
Maggie is moderately wounded.
You puncture Maggie!
Maggie flickers and vanishes for a moment.
Maggie is heavily wounded.
You flicker back into view.
The iguana hisses angrily.
Maggie mumbles some strange words.
Maggie attempts to bespell you! You resist with almost no effort.
You block the iguana's attack.
Maggie gestures wildly while chanting.
Maggie attempts to bespell you! You resist with almost no effort.
You puncture the iguana!
The iguana seems to grow stronger.
The iguana is severely wounded.
You barely miss the iguana.
The iguana is severely wounded.
The iguana bites you!
You hit the iguana.
Your dagger of Integrity cheers you on.
You kill the iguana!
Dithmenos accepts your kill.
You puncture Maggie!
Maggie is severely wounded.
Maggie completely misses you.
You hit Maggie but do no damage.
Maggie is severely wounded.
You float gracefully downwards.
Maggie closely misses you.
You barely miss Maggie.
Maggie is severely wounded.
You hit Maggie but do no damage.
Maggie is poisoned.
Maggie is severely wounded.
Maggie closely misses you.
You puncture Maggie!
Maggie is almost dead.
Maggie casts a spell at you. The bolt of fire hits you!!
Ouch! That really hurt!
You die...

### # ..##
###.#...
##...#..#
?.......#
......).#####.#
#.....@@..#
###.####..# #.#
....
####.#####...##
#.........$....
#.##..#....# ##
#.###.#.##.#
########........
.......<.>......


You could see Maggie (invisible, very poisoned).

Vanquished Creatures
  A gargoyle (D:6)
  A water moccasin (D:4)
  2 ogres
  A phantom (D:5)
  A necrophage (D:5)
  5 hounds
  2 jellies (D:4)
  Crazy Yiuf (D:3)
  Natasha (D:2)
  3 iguanas
  2 orc wizards (D:5)
  4 gnolls (D:5)
  8 adders
  A shadow imp (D:5)
  4 dart slugs
  16 orcs
  8 ball pythons
  11 endoplasms
  7 giant cockroaches
  9 goblins
  8 hobgoblins
  3 jackals (D:2)
  3 quokkas
  5 bats
  3 frilled lizards (D:2)
  9 kobolds
  6 rats
125 creatures vanquished.

Vanquished Creatures (others)
  9 plants (D:1)
9 creatures vanquished.

Grand Total: 134 creatures vanquished

Notes
Turn   | Place    | Note
-------+----------+-------------------------------------------
     0 | D:1      | koil the Spriggan Enchanter began the quest for the Orb.
     0 | D:1      | Reached XP level 1. HP: 9/9 MP: 5/5
   102 | D:1      | Reached XP level 2. HP: 13/13 MP: 6/6
   105 | D:1      | Learned a level 2 spell: Ensorcelled Hibernation
   470 | D:1      | Learned a level 1 spell: Foxfire
   782 | D:1      | Reached XP level 3. HP: 15/15 MP: 8/8
   786 | D:1      | Learned a level 3 spell: Confusing Touch
  1598 | D:2      | Reached skill level 5 in Stealth
  1598 | D:2      | Reached XP level 4. HP: 21/21 MP: 9/9
  1851 | D:2      | Noticed Natasha
  1867 | D:2      | Killed Natasha
  1868 | D:2      | Reached skill level 1 in Fighting
  2097 | D:3      | You fall into a shaft and drop 1 floor!
  2114 | D:4      | Reached XP level 5. HP: 23/25 MP: 11/11
  2221 | D:3      | Reached skill level 1 in Fire Magic
  2430 | D:3      | Found an opulent altar of Gozag.
  2436 | D:3      | Found a broken altar of Ashenzari.
  2438 | D:3      | Found a hide-covered altar of Uskayaw.
  2566 | D:3      | Found a runed translucent door.
  2567 | D:3      | Noticed Crazy Yiuf
  2574 | D:3      | Killed Crazy Yiuf
  2711 | D:4      | Reached skill level 1 in Conjurations
  2716 | D:4      | Reached XP level 6. HP: 24/30 MP: 12/12
  3004 | D:4      | Noticed a water moccasin
  3011 | D:4      | Killed a water moccasin
  3012 | D:4      | Reached skill level 6 in Stealth
  3690 | D:5      | Entered Level 5 of the Dungeon
  4004 | D:3      | Found an opulent altar of Gozag.
  4009 | D:3      | Found a hide-covered altar of Uskayaw.
  4010 | D:3      | Found a broken altar of Ashenzari.
  4165 | D:3      | Found an opulent altar of Gozag.
  4168 | D:3      | Found a broken altar of Ashenzari.
  4224 | D:3      | Found a hide-covered altar of Uskayaw.
  4719 | D:4      | Reached XP level 7. HP: 35/35 MP: 4/14
  5743 | D:5      | Found Veupoacw's Weapon Shoppe.
  5775 | D:5      | Found Qazupp's Antique Weapon Shoppe.
  5864 | D:5      | Found Iwifoaco's Book Emporium.
  5918 | D:5      | Reached skill level 5 in Hexes
  5961 | D:5      | Bought a smoking dagger for 147 gold pieces
  5961 | D:5      | Identified the +12 dagger of Integrity {chaos, *Noise Will+
                  | rCorr} (You bought it in a shop on level 5 of the Dungeon)
  5996 | D:5      | Found a staircase to the Ecumenical Temple.
  6130 | D:5      | Found Weaxzip's Book Shoppe.
  6144 | D:5      | Reached skill level 5 in Dodging
  6662 | D:5      | Reached XP level 8. HP: 39/39 MP: 16/16
  6730 | D:5      | Found Olish's General Store.
  6890 | Temple   | Entered the Ecumenical Temple
  6890 | Temple   | Found a transporter.
  6890 | Temple   | Found a transporter.
  6892 | Temple   | Found a transporter.
  6892 | Temple   | Found a transporter.
  6946 | Temple   | Became a worshipper of Dithmenos the Shadowed
  7040 | Temple   | Gained mutation: Armour fits poorly on your strangely
                  | shaped body. [potion of mutation]
  7040 | Temple   | Gained mutation: You are robust. (+10% HP) [potion of
                  | mutation]
  7040 | Temple   | Lost mutation: You are robust. (+10% HP) [potion of
                  | mutation]
  7040 | Temple   | Gained mutation: You have large cloven feet. [potion of
                  | mutation]
  7043 | Temple   | Lost mutation: You have large cloven feet. [potion of
                  | mutation]
  7043 | Temple   | Lost mutation: Armour fits poorly on your strangely shaped
                  | body. [potion of mutation]
  7043 | Temple   | Gained mutation: You are partially covered in iridescent
                  | scales. (AC +2) [potion of mutation]
  7111 | D:6      | Noticed a gargoyle
  7114 | D:6      | Noticed Maggie
  7117 | D:6      | Killed a gargoyle
  7118 | D:6      | Reached skill level 7 in Stealth
  7118 | D:6      | Reached skill level 5 in Spellcasting
  7136 | D:6      | Killed from afar by Maggie

Illustrated notes

Levels and vault maps discovered:
D:1:      dpeg_arrival_shelter, layout_loops_ring, serial_bayou,
          serial_bayou_lagoon_a, serial_bayou_ford_a, serial_bayou_pond_c,
          serial_bayou_pond_a, serial_bayou_pond_c
D:2:      layout_loops_ring, kennysheep_flooded_box, minmay_crystal_water,
          uniq_natasha
D:3:      layout_rooms, grunt_temple_overflow_open, guppyfry_early_orc_mine,
          uniq_crazy_yiuf_cottage
D:4:      layout_rooms
D:5:      layout_basic, temple_doors_e, serial_shops, nicolae_shop_behind_doors,
          shop_statue, nicolae_shop_stone, nicolae_shop_behind_doors,
          nicolae_stop_n_shop_1, serial_co_window_serial, co_window_corner_a,
          co_window_paths_b, co_window_corner_a, co_window_corner_a,
          co_window_of_opportunity_a, co_window_of_opportunity_b,
          co_window_of_opportunity_b, co_window_corner_ca, co_window_4corner_b,
          glass_columns_b, glass_columns_c
D:6:      layout_rooms, lightli_temple_of_fire, uniq_maggie
Temple:   hellmonk_temple_divided_pantheon

Skill      XL: |  1  2  3  4  5  6  7  8 |
---------------+-------------------------+-----
Dodging        | 3 4 5 |  5.6
Spellcasting   | 3 4 5 |  5.1
Hexes          | 4 5 |  5.5
Stealth        | 5 6 7 |  7.2
Fighting       | 1 2 |  2.7
Short Blades   | 2 3 |  3.7
Fire Magic     | 1 2 |  2.5
Conjurations   | 1 2 |  2.3

Action                   |  1- 3 |  4- 6 |  7- 9 || total
-------------------------+-------+-------+-------++-------
Melee: Dagger            |   126 |   162 |   120 ||   408
       Punch             |     3 |     2 |     1 ||     6
Throw: Dart              |     2 |       |       ||     2
 Cast: Ensorcelled Hiber |    11 |    22 |       ||    33
       Confusing Touch   |       |       |     1 ||     1
       Foxfire           |       |       |     1 ||     1
Evoke: Wand              |       |       |     1 ||     1
  Use: Scroll            |       |       |     9 ||     9
       Potion            |       |       |     7 ||     7
 Stab: Sleeping          |    20 |    20 |     8 ||    48
       Distracted        |     1 |     1 |     2 ||     4
       Confused          |       |       |     1 ||     1
       Invisible         |       |       |     1 ||     1
Armor: Robe              |     7 |     9 |     3 ||    19
Dodge: Dodged            |   102 |   107 |    59 ||   268
Block: Other             |       |    26 |    18 ||    44

Table legend: (Time is in decaauts)
 A = Elapsed time spent in this place.
 B = Non-inter-level travel time spent in this place.
 C = Inter-level travel time spent in this place.
 D = Time resting spent in this place.
 E = Time spent auto-exploring this place.
 F = Levels seen in this place.
 G = Mean time per level.
                   A        B        C        D        E       F      G
               +--------+--------+--------+--------+--------+-----+--------+
         Total |   4817 |   4599 |    218 |    155 |   3399 |   7 |  688.1 |
       Dungeon |   4694 |   4476 |    218 |    124 |   3399 |   6 |  782.3 |
        Temple |    123 |    123 |      0 |     31 |      0 |   1 |  123.0 |
               +--------+--------+--------+--------+--------+-----+--------+

Top non-repeatable levels by time:
     D:4: 1427 daAuts
     D:3: 899 daAuts
     D:1: 869 daAuts
     D:5: 839 daAuts
     D:2: 636 daAuts
  Temple: 123 daAuts
     D:6: 22 daAuts
